TOP OF THE 1ST |
---|
Maui Tropics batting - Pitching for Springfield Stars : RHP Claudio Martínez | Pitching: RHP Claudio Martínez | | Batting: RHB Roberto Gómez | 0-0: Swinging Strike 0-1: Foul Ball, location: 2F 0-2: Ball 1-2: Foul Ball, location: 2F 1-2: Ground out 6-3 (Groundball, 6M) | Batting: LHB Dave Cook | 0-0: Ball 1-0: Ball 2-0: DOUBLE (Groundball, 5L) | Batting: RHB Jesús Espinoza | 0-0: Ball 1-0: Ball 2-0: Ground out 5-3 (Groundball, 5) | Batting: RHB Luis Alou | 0-0: Ground out 5-3 (Groundball, 56S) | Top of the 1st over - 0 runs, 1 hit, 0 errors, 1 left on base; Maui 0 - Springfield 0 | BOTTOM OF THE 1ST |
---|
Springfield Stars batting - Pitching for Maui Tropics : LHP Jerry Martin | Pitching: LHP Jerry Martin | | Batting: LHB Jesús Tobías | 0-0: Ball 1-0: Ball 2-0: Ground out 4-3 (Groundball, 4) | Batting: RHB Calvin Bennett | 0-0: Ball 1-0: Called Strike 1-1: Foul Ball, location: 2F 1-2: Strikes out swinging | Batting: LHB Derek Davidson | 0-0: Swinging Strike 0-1: Ball 1-1: Foul Ball, location: 2F 1-2: Ball 2-2: SINGLE (Line Drive, 89S) | Batting: LHB Felipe Guerrero | 0-0: Foul Ball, location: 2F 0-1: Ball 1-1: Fly out, F7 (Flyball, 7LD) | Bottom of the 1st over - 0 runs, 1 hit, 0 errors, 1 left on base; Maui 0 - Springfield 0 | TOP OF THE 2ND |
---|
Maui Tropics batting - Pitching for Springfield Stars : RHP Claudio Martínez | Batting: LHB José Rivas | 0-0: Called Strike 0-1: Fly out, F7 (Flyball, 7LS) | Batting: RHB Michael Woodruff | 0-0: Ball 1-0: Ball 2-0: Ball 3-0: Called Strike 3-1: Fly out, F8 (Flyball, 89M) | Batting: LHB Ernesto López | 0-0: Called Strike 0-1: Swinging Strike 0-2: Strikes out looking | Top of the 2nd over - 0 runs, 0 hits, 0 errors, 0 left on base; Maui 0 - Springfield 0 | BOTTOM OF THE 2ND |
---|
Springfield Stars batting - Pitching for Maui Tropics : LHP Jerry Martin | Batting: RHB Will Sterling | 0-0: Ball 1-0: Ball 2-0: Ball 3-0: Base on Balls | Batting: RHB Richard Bankhead | 0-0: Ball 1-0: Ball 2-0: SINGLE (Groundball, 6MD) Will Sterling to second | Batting: SHB Giancarlo Giannini | 0-0: Ball 1-0: Foul Ball, location: 2F 1-1: SINGLE (Groundball, 56S) (infield hit) Will Sterling to third Richard Bankhead to second | Batting: LHB Ryan Drake | 0-0: Fly out, F7 (Line Drive, 7) Runner from 3rd tags up, SCORES, throw made | Batting: LHB Mike Pearson | 0-0: Swinging Strike 0-1: Called Strike 0-2: Ball 1-2: Strikes out looking | Batting: LHB Jesús Tobías | 0-0: Fly out, F3 (Line Drive, 34) | Bottom of the 2nd over - 1 run, 2 hits, 0 errors, 2 left on base; Maui 0 - Springfield 1 | TOP OF THE 3RD |
---|
Maui Tropics batting - Pitching for Springfield Stars : RHP Claudio Martínez | Batting: RHB Matt Silver | 0-0: Called Strike 0-1: SINGLE (Line Drive, 7LS) | Batting: RHB Bo Vickers | 0-0: Ball 1-0: Grounds into double play, 5-4-3 (Groundball, 5) | Batting: RHB Roberto Gómez | 0-0: Called Strike 0-1: Foul Ball, location: 2F 0-2: Ball 1-2: Ball 2-2: SINGLE (Groundball, 56D) | Batting: LHB Dave Cook | 0-0: Called Strike 0-1: Ball Roberto Gómez steals 2nd base 1-1: Foul Ball, location: 2F 1-2: Foul Ball, location: 2F 1-2: Ball 2-2: Ground out 3-1 (Groundball, 34) | Top of the 3rd over - 0 runs, 2 hits, 0 errors, 1 left on base; Maui 0 - Springfield 1 | BOTTOM OF THE 3RD |
---|
Springfield Stars batting - Pitching for Maui Tropics : LHP Jerry Martin | Batting: RHB Calvin Bennett | 0-0: Ball 1-0: Called Strike 1-1: Ball 2-1: Foul Ball, location: 2F 2-2: Fly out, F7 (Flyball, 78S) | Batting: LHB Derek Davidson | 0-0: Ball 1-0: Fly out, F4 (Line Drive, 4) | Batting: LHB Felipe Guerrero | 0-0: Called Strike 0-1: Foul Ball, location: 2F 0-2: Foul Ball, location: 2F 0-2: Strikes out swinging | Bottom of the 3rd over - 0 runs, 0 hits, 0 errors, 0 left on base; Maui 0 - Springfield 1 | TOP OF THE 4TH |
---|
Maui Tropics batting - Pitching for Springfield Stars : RHP Claudio Martínez | Batting: RHB Jesús Espinoza | 0-0: Foul Ball, location: 2F 0-1: Ball 1-1: Called Strike 1-2: Ball 2-2: Strikes out looking | Batting: RHB Luis Alou | 0-0: Swinging Strike 0-1: Ball 1-1: Swinging Strike 1-2: Ball 2-2: Ball 3-2: Foul Ball, location: 2F 3-2: Strikes out swinging | Batting: LHB José Rivas | 0-0: Ball 1-0: Foul Ball, location: 2F 1-1: Ball 2-1: Foul Ball, location: 2F 2-2: Strikes out looking | Top of the 4th over - 0 runs, 0 hits, 0 errors, 0 left on base; Maui 0 - Springfield 1 | BOTTOM OF THE 4TH |
---|
Springfield Stars batting - Pitching for Maui Tropics : LHP Jerry Martin | Batting: RHB Will Sterling | 0-0: Ball 1-0: Ground out 6-3 (Groundball, 6) | Batting: RHB Richard Bankhead | 0-0: Ball 1-0: Ball 2-0: Fly out, F8 (Flyball, 8RS) | Batting: SHB Giancarlo Giannini | 0-0: Called Strike 0-1: Ground out 3-1 (Groundball, 34) | Bottom of the 4th over - 0 runs, 0 hits, 0 errors, 0 left on base; Maui 0 - Springfield 1 | TOP OF THE 5TH |
---|
Maui Tropics batting - Pitching for Springfield Stars : RHP Claudio Martínez | Batting: RHB Michael Woodruff | 0-0: Ball 1-0: Foul Ball, location: 2F 1-1: Foul Ball, location: 2F 1-2: Ball 2-2: Strikes out swinging | Batting: LHB Ernesto López | 0-0: Fly out, F8 (Line Drive, 8RM) | Batting: RHB Matt Silver | 0-0: Ball 1-0: Called Strike 1-1: SINGLE (Line Drive, 78S) | Batting: RHB Bo Vickers | 0-0: Called Strike 0-1: Ball 1-1: Ball Matt Silver is caught stealing 2nd base | Top of the 5th over - 0 runs, 1 hit, 0 errors, 0 left on base; Maui 0 - Springfield 1 | BOTTOM OF THE 5TH |
---|
Springfield Stars batting - Pitching for Maui Tropics : LHP Jerry Martin | Batting: LHB Ryan Drake | 0-0: Called Strike 0-1: Ball 1-1: Ball 2-1: Ball 3-1: Called Strike 3-2: Ground out 4-3 (Groundball, 4) | Batting: LHB Mike Pearson | 0-0: Called Strike 0-1: DOUBLE (Flyball, 89XD) | Batting: LHB Jesús Tobías | 0-0: Called Strike 0-1: SINGLE (Flyball, 89S) Mike Pearson to third | Batting: RHB Calvin Bennett | 0-0: Called Strike 0-1: Called Strike 0-2: Ball 1-2: Ball 2-2: Foul Ball, location: 2F 2-2: DOUBLE (Line Drive, 9LM) Mike Pearson scores Jesús Tobías to third | Batting: LHB Derek Davidson | 0-0: Ball 1-0: Foul Ball, location: 2F 1-1: Ground out 4-3 (Groundball, 4) Jesús Tobías scores Calvin Bennett to third | Batting: LHB Felipe Guerrero | 0-0: Called Strike 0-1: Foul Ball, location: 2F 0-2: Ball 1-2: Ground out 3-1 (Groundball, 34) | Bottom of the 5th over - 2 runs, 3 hits, 0 errors, 1 left on base; Maui 0 - Springfield 3 | TOP OF THE 6TH |
---|
Maui Tropics batting - Pitching for Springfield Stars : RHP Claudio Martínez | Batting: RHB Bo Vickers | 0-0: Called Strike 0-1: Swinging Strike 0-2: Ball 1-2: Ball 2-2: Ball 3-2: Strikes out swinging | Batting: RHB Roberto Gómez | 0-0: Ball 1-0: Foul Ball, location: 2F 1-1: Foul Ball, location: 2F 1-2: Ground out 5-3 (Groundball, 5L) | Batting: LHB Dave Cook | 0-0: Ball 1-0: Called Strike 1-1: Fly out, F6 (Popup, 6D) | Top of the 6th over - 0 runs, 0 hits, 0 errors, 0 left on base; Maui 0 - Springfield 3 | BOTTOM OF THE 6TH |
---|
Springfield Stars batting - Pitching for Maui Tropics : LHP Jerry Martin | Batting: RHB Will Sterling | 0-0: Ball 1-0: Fly out, F7 (Flyball, 7) | Batting: RHB Richard Bankhead | 0-0: SINGLE (Line Drive, 7S) | Batting: SHB Giancarlo Giannini | 0-0: Ball 1-0: Ball Wild Pitch! Richard Bankhead to second 2-0: Intentional Walk | Batting: LHB Ryan Drake | 0-0: Ball 1-0: Called Strike 1-1: Foul Ball, location: 2F 1-2: Fly out, F6 (Popup, 6S) | Batting: LHB Mike Pearson | 0-0: Ball 1-0: Called Strike 1-1: SINGLE (Line Drive, 4) Richard Bankhead to third Giancarlo Giannini to second Runner from 3rd tries for Home, SAFE, no throw | Batting: LHB Jesús Tobías | 0-0: Ball 1-0: Called Strike 1-1: Ball 2-1: Ball 3-1: Swinging Strike 3-2: SINGLE (Flyball, 8LS) Giancarlo Giannini to third Mike Pearson to second Giancarlo Giannini scores Mike Pearson to third | Pitching: RHP Denny Green | | Batting: RHB Calvin Bennett | 0-0: Ball 1-0: Called Strike 1-1: Called Strike 1-2: Strikes out swinging | Bottom of the 6th over - 2 runs, 3 hits, 0 errors, 2 left on base; Maui 0 - Springfield 5 | TOP OF THE 7TH |
---|
Maui Tropics batting - Pitching for Springfield Stars : RHP Claudio Martínez | Batting: RHB Jesús Espinoza | 0-0: Fly out, F8 (Flyball, 8LD) | Batting: RHB Luis Alou | 0-0: Foul Ball, location: 2F 0-1: Foul Ball, location: 2F 0-2: Ball 1-2: Strikes out swinging | Batting: LHB José Rivas | 0-0: SOLO HOME RUN (Flyball, 9LD), Distance : 332 ft | Batting: RHB Michael Woodruff | 0-0: Foul Ball, location: 2F 0-1: Called Strike 0-2: Ball 1-2: Strikes out looking | Top of the 7th over - 1 run, 1 hit, 0 errors, 0 left on base; Maui 1 - Springfield 5 | BOTTOM OF THE 7TH |
---|
Springfield Stars batting - Pitching for Maui Tropics : RHP Denny Green | Batting: LHB Derek Davidson | 0-0: Ball 1-0: Called Strike 1-1: Foul Ball, location: 2F 1-2: Ball 2-2: SINGLE (Line Drive, 8RS) | Batting: LHB Felipe Guerrero | 0-0: Ball 1-0: Foul Ball, location: 2F 1-1: Reached on error, E1 (Groundball, 15S) Derek Davidson to second | Batting: RHB Will Sterling | 0-0: Ball 1-0: Ball 2-0: Foul Ball, location: 2F 2-1: Ball 3-1: Swinging Strike 3-2: Base on Balls Derek Davidson to third Felipe Guerrero to second | Batting: RHB Richard Bankhead | 0-0: SINGLE (Groundball, 6MD) Derek Davidson scores Felipe Guerrero to third Will Sterling to second Runner from 3rd tries for Home, throw and OUT! | Batting: SHB Giancarlo Giannini | 0-0: Foul Ball, location: 2F 0-1: Called Strike 0-2: Foul Ball, location: 2F 0-2: Ball 1-2: Grounds into double play, 4-6-3 (Groundball, 4) | Bottom of the 7th over - 1 run, 2 hits, 1 error, 1 left on base; Maui 1 - Springfield 6 | TOP OF THE 8TH |
---|
Maui Tropics batting - Pitching for Springfield Stars : RHP Claudio Martínez | Batting: LHB Ernesto López | 0-0: Ground out 4-3 (Groundball, 34) | Batting: RHB Matt Silver | 0-0: Ball 1-0: Swinging Strike 1-1: Fly out, F2 (Popup, 2LF) | Batting: RHB Bo Vickers | 0-0: Ball 1-0: Ground out 4-3 (Groundball, 4) | Top of the 8th over - 0 runs, 0 hits, 0 errors, 0 left on base; Maui 1 - Springfield 6 | BOTTOM OF THE 8TH |
---|
Springfield Stars batting - Pitching for Maui Tropics : RHP Denny Green | Batting: LHB Ryan Drake | 0-0: Called Strike 0-1: Ball 1-1: Foul Ball, location: 2F 1-2: Ball 2-2: SINGLE (Line Drive, 8LS) | Batting: LHB Mike Pearson | 0-0: Swinging Strike 0-1: Ball 1-1: Called Strike 1-2: Strikes out swinging | Batting: LHB Jesús Tobías | 0-0: Ball 1-0: Swinging Strike 1-1: Ball 2-1: Ground out U3 (Groundball, 34S) Ryan Drake to second | Batting: RHB Calvin Bennett | 0-0: Called Strike 0-1: Ball 1-1: Fly out, F4 (Line Drive, 4) | Bottom of the 8th over - 0 runs, 1 hit, 0 errors, 1 left on base; Maui 1 - Springfield 6 | TOP OF THE 9TH |
---|
Maui Tropics batting - Pitching for Springfield Stars : RHP Claudio Martínez | Now at SS: Dave Henderson | | Batting: RHB Roberto Gómez | 0-0: Called Strike 0-1: Swinging Strike 0-2: Ball 1-2: Ground out 3-1 (Groundball, 34) | Batting: LHB Dave Cook | 0-0: Ball 1-0: Called Strike 1-1: Foul Ball, location: 2F 1-2: Strikes out swinging | Batting: RHB Jesús Espinoza | 0-0: Called Strike 0-1: Ball 1-1: Called Strike 1-2: Foul Ball, location: 2F 1-2: Fly out, F7 (Line Drive, 78S) | Top of the 9th over - 0 runs, 0 hits, 0 errors, 0 left on base; Maui 1 - Springfield 6 | |